 Dungeon Crawl Stone Soup version 0.30-a0-12-gd8047c6341 (webtiles) character file.

Game seed: 11555052466796332266

320933 enile the Warrior (level 23, -11/169 (207) HPs)
             Began as a Meteoran Fighter on Aug 23, 2022.
             Was a Priest of Cheibriados.
             Killed from afar by an ironbound thunderhulk (58 damage)
             ... with a bolt of lightning
             ... on level 1 of the Vaults.
             The game lasted 01:51:10 (24318 turns).

enile the Warrior (Meteoran Fighter)               Turns: 24318, Time: 01:51:11

HP:   -11/169 (207) AC: 22    Str: 42 (44) XL:     23   Next: 2%
MP:   41/49         EV: 31    Int: 17 (18) God:    Cheibriados [***...]
Gold: 1778          SH: 31    Dex: 34 (35) Spells: 32/46 levels left

rFire   + + +      SeeInvis +    A - +10 flail "Wexoelo" {flame, rF+ rC+ Dex+4 Stlth-}
rCold   + + +      Faith    .    x - +2 tower shield {rPois}
rNeg    . . .      Spirit   .    E - +8 ice dragon scales of Quantum Leap {rF- rC++ Regen+ MP+9 Int-2 Dex+4}
rPois   +          Reflect  +    U - +0 helmet {Int+3}
rElec   .          Harm     +    s - scarf {rC+ rF+}
rCorr   .          Rampage  .    M - +0 pair of gloves of the Circus Animal {Str+4}
Will    ++...                    (no boots)
Stlth   +.........               Q - amulet "Gexuy" {Reflect Harm SH+5 SInv}
HPRegen 1.18/turn                j - +4 ring of evasion
MPRegen 0.31/turn                Z - ring of Qocwybair {Str+6 Int+2 Slay+3}

@: glowing, studying Translocations, heavily drained, very slow
A: sense surroundings 3, otherworldly, glowing, explore regen, claws 1, agile 1,
deformed body, deterioration 1, dopey 2, fire resistance 2
}: 3/15 runes: decaying, serpentine, slimy
a: Renounce Religion, Bend Time, Temporal Distortion


You were on level 1 of the Vaults.
You worshipped Cheibriados.
Cheibriados was most pleased with you.
You visited 10 branches of the dungeon, and saw 41 of its levels.
You visited 2 bazaars.
You also visited: Bailey, Gauntlet and Ice Cave.

You collected 4528 gold pieces.
You spent 2750 gold pieces at shops.

Inventory:

Hand Weapons
 A - the +10 flail "Wexoelo" (weapon) {flame, rF+ rC+ Dex+4 Stlth-}
   (You found it on level 4 of the Dungeon)

   It burns those it strikes, dealing additional fire damage.
   Dex:       It affects your dexterity (+4).
   rF:        It protects you from fire.
   rC:        It protects you from cold.
   Stlth:     It makes you less stealthy.
Missiles
 r - 6 silver javelins (quivered)
Armour
 f - +2 gold dragon scales
 s - a scarf of resistance (worn)
 x - a +2 tower shield of poison resistance (worn)
 E - the +8 ice dragon scales of Quantum Leap (worn) {rF- rC++ Regen+ MP+9 Int-2 Dex+4}
   (You found it in an ice cave)

   Int:       It affects your intelligence (-2).
   Dex:       It affects your dexterity (+4).
   rF:        It makes you vulnerable to fire.
   rC:        It greatly protects you from cold.
   MP:        It affects your magic capacity (+9).
   Regen:     It increases your rate of health regeneration.
 M - the +0 pair of gloves of the Circus Animal (worn) {Str+4}
   (You bought it in a shop in a bazaar)

   Str:       It affects your strength (+4).
 N - a +0 cloak of preservation
 U - a +0 helmet of intelligence (worn)
 V - the +4 ring mail of Ren Zem {+Inv rF++ Dex+4}
   (You found it in a bailey)

   Dex:       It affects your dexterity (+4).
   rF:        It greatly protects you from fire.
   +Inv:      It lets you turn invisible.
Jewellery
 j - a +4 ring of evasion (left hand)
 k - a ring of willpower
 n - an amulet of magic regeneration
 q - a +6 ring of dexterity
 t - a ring of see invisible
 v - an amulet of regeneration
 w - a ring of wizardry
 D - a ring of flight
 O - a ring of resist corrosion
 Q - the amulet "Gexuy" (around neck) {Reflect Harm SH+5 SInv}
   (You acquired it in a bailey)

   [amulet of reflection]

   It reflects blocked missile attacks.
   SInv:      It lets you see invisible.
   SH:        It affects your SH (+5).
   Harm:      It increases damage dealt and taken.
 Y - a ring of protection from fire
 Z - the ring of Qocwybair (right hand) {Str+6 Int+2 Slay+3}
   (You bought it in a shop on level 2 of the Orcish Mines)

   [ring of strength]

   Str:       It affects your strength (+6).
   Int:       It affects your intelligence (+2).
   Slay:      It affects your accuracy & damage with ranged weapons and melee
   (+3).
Wands
 a - a wand of flame (32)
 b - a wand of charming (3)
 c - a wand of roots (11)
 B - a wand of acid (23)
 F - a wand of polymorph (6)
 S - a wand of digging (34)
 T - a wand of mindburst (8)
Scrolls
 g - 10 scrolls of teleportation
 h - 13 scrolls of fear
 o - 3 scrolls of fog
 u - 2 scrolls of poison
 y - 4 scrolls of amnesia
 z - 3 scrolls of vulnerability
 H - 2 scrolls of torment
 I - 3 scrolls of silence
 R - a scroll of brand weapon
Potions
 d - 5 potions of might
 e - 5 potions of flight
 i - 3 potions of berserk rage
 p - 5 potions of brilliance
 C - 9 potions of curing
 G - 6 potions of lignification
 J - 5 potions of attraction
 K - a potion of resistance
 W - 2 potions of magic
Miscellaneous
 l - a box of beasts
 L - a lightning rod (4/4)
 P - a condenser vane
 X - a phial of floods


   Skills:
 + Level 17.7 Fighting
 - Level 14.0 Maces & Flails
 - Level 12.0 Throwing
 - Level 17.0 Armour
 - Level 15.0 Dodging
 - Level 3.0 Stealth
 - Level 15.0 Shields
 - Level 12.0 Spellcasting
 - Level 12.0 Translocations
 - Level 17.0 Invocations
 - Level 15.0 Evocations


You had 32 spell levels left.
You knew the following spells:

 Your Spells              Type           Power      Damage    Failure   Level
a - Blink                 Tloc           100%       N/A       1%          2
b - Manifold Assault      Tloc           50%        N/A       8%          5
c - Dragon Form           Tmut           5%         N/A       100%        7

Your spell library contained the following spells:

 Spells                   Type           Power      Damage    Failure   Level
 Apportation              Tloc           100%       N/A       1%          1
 Gell's Gravitas          Tloc           50%        N/A       1%          3
 Lesser Beckoning         Tloc           50%        N/A       1%          3
 Teleport Other           Tloc           50%        N/A       1%          3
 Portal Projectile        Hex/Tloc       60%        N/A       10%         3
 Beastly Appendage        Tmut           20%        N/A       36%         1
 Foxfire                  Conj/Fire      40%        2x1d6     36%         1
 Magic Dart               Conj           40%        1d5       36%         1
 Necrotise                Necr           40%        1d6       36%         1
 Sandblast                Erth           20%        2d7       36%         1
 Summon Small Mammal      Summ           40%        N/A       36%         1
 Dispersal                Tloc           25%        N/A       38%         6
 Call Imp                 Summ           10%        N/A       50%         2
 Ensorcelled Hibernation  Hex/Ice        20%        N/A       50%         2
 Passwall                 Tmut/Erth      8%         N/A       50%         2
 Static Discharge         Conj/Air       10%        3-5/arc   50%         2
 Wereblood                Tmut           10%        N/A       50%         2
 Summon Forest            Summ/Tloc      15%        N/A       65%         5
 Call Canine Familiar     Summ           10%        N/A       75%         3
 Confusing Touch          Hex            10%        N/A       75%         3
 Dazzling Flash           Conj/Hex       20%        N/A       75%         3
 Ignite Poison            Fire/Tmut/Pois 10%        N/A       75%         3
 Inner Flame              Hex/Fire       10%        N/A       75%         3
 Mephitic Cloud           Conj/Pois/Air  10%        N/A       75%         3
 Spider Form              Tmut/Pois      10%        N/A       75%         3
 Summon Guardian Golem    Hex/Summ       10%        N/A       75%         3
 Swiftness                Air            10%        N/A       75%         3
 Tukima's Dance           Hex            10%        N/A       75%         3
 Vampiric Draining        Necr           10%        2d6       75%         3
 Animate Dead             Necr           10%        N/A       98%         4
 Cause Fear               Hex            5%         N/A       98%         4
 Dispel Undead            Necr           10%        3d9       98%         4
 Leda's Liquefaction      Hex/Erth       5%         N/A       98%         4
 Petrify                  Tmut/Erth      10%        N/A       98%         4
 Sticky Flame             Conj/Fire      10%        2d3       98%         4
 Summon Ice Beast         Ice/Summ       10%        N/A       98%         4
 Summon Lightning Spire   Summ/Air       10%        N/A       98%         4
 Agony                    Necr           10%        N/A       100%        5
 Alistair's Intoxication  Tmut/Pois      6%         N/A       100%        5
 Blade Hands              Tmut           5%         N/A       100%        5
 Borgnjor's Vile Clutch   Necr/Erth      5%         N/A       100%        5
 Freezing Cloud           Conj/Ice/Air   5%         6-21      100%        5
 Irradiate                Conj/Tmut      5%         3d13      100%        5
 Silence                  Hex/Air        5%         N/A       100%        5
 Summon Mana Viper        Hex/Summ       10%        N/A       100%        5
 Yara's Violent Unravell  Hex/Tmut       5%         3d4       100%        5
 Death Channel            Necr           5%         N/A       100%        6
 Eringya's Noxious Bog    Tmut/Pois      5%         N/A       100%        6
 Statue Form              Tmut/Erth      6%         N/A       100%        6
 Enfeeble                 Hex            5%         N/A       100%        7
 Monstrous Menagerie      Summ           5%         N/A       100%        7
 Storm Form               Tmut/Air       5%         N/A       100%        7
 Summon Hydra             Summ           5%         N/A       100%        7
 Discord                  Hex            5%         N/A       100%        8
 Lehudib's Crystal Spear  Conj/Erth      5%         10d3      100%        8
 Maxwell's Capacitive Co  Air            5%         ∞         100%        8


Dungeon Overview and Level Annotations

Branches:
Dungeon (15/15) Zot: 237   Temple (1/1) D:4 Zot: 880    Lair (5/5) D:8 Zot: 150
  Swamp (4/4) Lair:3 Zot: 61   Snake (4/4) Lair:3 Zot: 267   Slime (5/5) Lair:5 Zot: 895
    Orc (2/2) D:11 Zot: 280     Elf (3/3) Orc:2 Zot: 8  Vaults (1/5) D:13 Zot: 537
 Depths (1/4) D:15 Zot: 602  Bailey (visited)           IceCv (visited)
Gauntlet (visited)

Altars:
Ashenzari
Cheibriados
Dithmenos
Elyvilon
Gozag
Hepliaklqana
Qazlal
Sif Muna
Uskayaw
Zin
The Shining One
Ignis
Jiyva
Lugonu

Shops:
D:3 *   Orc:1 [   Orc:2 =   Elf:3 (   Snake:1 =(*?*[

Portals:
Hell: Depths:1
Trove: Elf:1 (give +7 demon trident)


Innate Abilities, Weirdness & Mutations

You passively map a large area around you.
You are easily found by Zot.
You glow in the dark.
You regain HP and MP as you explore.
You have sharp fingernails.
You are agile. (Dex +4, Str/Int -1)
Armour fits poorly on your strangely shaped body.
Your body sometimes deteriorates upon taking damage.
You are very dopey. (Int -4)
Your flesh is very heat resistant. (rF++)


Message History

You're standing in a cloud of freezing vapour!
Unknown command.
You enter the shallow water.
Moving in this stuff is going to be slow.
You are engulfed in freezing vapours.
You resist.
You are engulfed in freezing vapours.
You resist.
There is an open door here.
Things that are here:
a +0 plate armour; a +2 glaive; a human skeleton You open the door.
An ironbound thunderhulk comes into view.
It is wielding a +0 great mace.
The ironbound thunderhulk shouts!
Electricity crackles from the ironbound thunderhulk's apparatus.
The bolt of lightning hits you!!!
Your body deteriorates!
You feel weakened.
Casting: Blink (safe; 1% risk of failure)
Confirm with . or Enter, or press ? or * to list all spells.
Space momentarily warps into an impossible shape!
You bludgeon the ironbound thunderhulk!!
You burn the ironbound thunderhulk!
Electricity crackles from the ironbound thunderhulk's apparatus.
The bolt of lightning hits you!!!
* * * LOW HITPOINT WARNING * * *
Your body deteriorates!
You feel dopey.
Casting: Manifold Assault (dangerous; 8% risk of failure)
Confirm with . or Enter, or press ? or * to list all spells.
Space momentarily warps into an impossible shape!
You sock the ironbound thunderhulk! You burn the ironbound thunderhulk.
Strange energies crackle from the ironbound thunderhulk's apparatus.
The ironbound thunderhulk blinks!
Okay, then.
Throw: 7 javelins (silver)
Press: ? - help, Q - select action, (/) - cycle Shift-Dir - straight line, f - ironbound thunderhulk
Aim: an ironbound thunderhulk, wielding a +0 great mace and wearing a +0 animal skin (severely wounded, 82% to hit)
You throw a silver javelin.
The silver javelin pierces through the ironbound thunderhulk!
The ironbound thunderhulk is almost dead.
Electricity crackles from the ironbound thunderhulk's apparatus.
The bolt of lightning hits you!!!
You die...

...# #......°°# **,
##############'########*********+
........÷...[..........,,,,,,,,,,
........[...O..........,,,,,,,,,,
........÷..............,,,,,,,,,,
.................#######,,,,,,,,,
.................#,....#,,,,,,,,,
.................#.....#,,,,,,,,,
................@'§#**,*,,,,,,,,,
.................#.#**,*,******+*
,,,,,,...........#...,,*,*,,,,,,,
,,,,,,,..........#,....*,*,,,,,,,
****,,,,##########*#+###,*,,,****
,,,*,,,,+,,,,,,*,*,,,*,*,*,,**,,*
,,,*,,,,*,,,,,,*,**,**,+,*,,*,,,,
,,,*,,,,*,,,,,,+,,,,,,,*,*,,*,,,,
,,,*,,,,*,,,,,,*,,,,,,,*,*,,**,,+


You could see an ironbound thunderhulk.

Vanquished Creatures
  the Royal Jelly (Slime:5)
  Vashnia (Snake:4)
  A tentacled monstrosity (Swamp:4)
  4 deep elf blademasters (Elf:3)
  2 deep elf master archers (Elf:3)
  23 acid blobs
  Frances (Snake:1)
  Agnes (Snake:1)
  Gastronok (Lair:2)
  Roxanne (Snake:1)
  15 azure jellies
  2 frost giants
  6 nagarajas
  2 fenstrider witches
  6 rockslimes
  2 deep elf sorcerers (Elf:3)
  Aizul (Snake:1)
  A vault warden (Vaults:1)
  3 deep elf elementalists (Elf:3)
  An ironbound preserver (Vaults:1)
  A very ugly thing (Depths:1)
  4 stone giants
  8 quicksilver oozes
  4 eleionomae
  A vampire knight (Depths:1)
  9 deep elf demonologists (Elf:3)
  A minotaur (Gauntlet)
  5 deep elf annihilators (Elf:3)
  3 bunyips
  An entropy weaver (Vaults:1)
  A dire elephant (Lair:1)
  4 deep elf death magi
  An ettin (D:15)
  A blizzard demon (Depths:1)
  3 fire dragons (Swamp:4)
  3 deep elf high priests (Elf:3)
  A salamander tyrant (Snake:4)
  Fannar (Orc:1)
  4 boulder beetles
  2 great orbs of eyes (Slime:5)
  9 vault guards
  13 hydras
  3 ironbound frosthearts (Vaults:1)
  8 centaur warriors
  6 two-headed ogres
  7 anacondas
  10 naga warriors
  4 alligators
  10 dancing weapons
  2 orc high priests
  18 naga sharpshooters
  A tengu warrior (D:15)
  13 death yaks
  A spriggan berserker (Depths:1)
  4 thrashing horrors
  5 shock serpents
  4 skeletal warriors (D:15)
  11 deep elf knights
  A goliath frog (Swamp:4)
  Amaemon (D:9)
  A salamander mystic (Snake:4)
  3 spriggan druids
  A death drake (Swamp:3)
  5 deep trolls
  A glowing orange brain (shapeshifter) (D:15)
  9 naga ritualists
  9 swamp dragons
  8 deep elf archers
  A bog body (Swamp:1)
  2 wizards
  6 lindwurms
  8 harpies (Vaults:1)
  A necromancer (D:15)
  5 orc knights
  25 deep elf pyromancers
  10 mana vipers
  10 cyclopes
  6 shining eyes
  17 deep elf zephyrmancers
  3 will-o-the-wisps
  9 ugly things
  3 orc sorcerers
  A mana viper (shapeshifter) (Elf:1)
  4 elephants (Lair:5)
  4 manticores
  3 ice statues
  A guardian serpent (shapeshifter) (D:15)
  21 naga magi
  3 smoke demons (Lair:5)
  4 salamanders
  37 black mambas
  5 eyes of devastation
  Joseph (D:9)
  3 gargoyles
  An orange demon (D:9)
  Maggie (D:6)
  8 cane toads
  2 guardian serpents (Snake:2)
  An unseen horror (shapeshifter) (D:15)
  An unseen horror (D:11)
  4 komodo dragons
  6 yaktaurs
  4 rime drakes
  A rime drake (shapeshifter) (Elf:2)
  A kobold demonologist (D:9)
  2 ancient zymes (Lair:5)
  An efreet (D:13)
  8 trolls
  2 meliai (Lair:5)
  11 hornets
  4 polar bears
  Prince Ribbit (D:7)
  17 tyrant leeches
  9 saltlings (Orc:2)
  27 blink frogs
  74 slime creatures
  A wind drake (shapeshifter) (Lair:5)
  A blink frog (shapeshifter) (D:11)
  2 shadows
  2 vampires
  2 wyverns (Lair:4)
  49 yaks
  10 spriggans
  7 water elementals
  3 wraiths
  2 chaos spawn (Lair:5)
  18 fire elementals
  3 golden eyes (Slime:4)
  5 basilisks
  3 steam dragons
  15 vampire mosquitoes
  A redback (Vaults:1)
  41 nagas
  4 wargs
  13 swamp worms
  A large abomination (Lair:5)
  6 acid dragons
  A floating eye (Gauntlet)
  13 swamp drakes
  12 water moccasins
  30 orc warriors
  2 sky beasts
  2 great orb of eyes simulacra (IceCv)
  3 black bears
  10 wolves (Lair:3)
  2 ice beasts (D:6)
  4 ogres
  4 centaurs
  13 small abominations
  A kobold brigand (D:7)
  3 phantoms
  3 slime creature simulacra (IceCv)
  21 bullfrogs
  A gnoll sergeant (D:6)
  3 necrophages
  3 earth elementals
  4 scorpions
  2 glowing shapeshifter simulacra (IceCv)
  4 wights (D:10)
  A ballistomycete (Lair:4)
  16 killer bees
  3 electric eels
  7 vampire bats (Bailey)
  5 jellies
  6 wolf zombies (Bailey)
  7 howler monkeys
  3 lava snakes (Swamp:4)
  20 orc priests
  3 gnoll boudas
  6 hounds
  Ijyb (D:5)
  6 iguanas
  33 orc wizards
  6 hell rats (Lair:3)
  2 shapeshifter simulacra (IceCv)
  7 adders
  2 river rats (D:8)
  13 gnolls
  23 orc zombies (Bailey)
  3 shadow imps (D:6)
  3 white imps (D:5)
  An ufetubus (D:6)
  3 worms
  3 dart slugs
  82 orcs
  8 bats
  11 endoplasms
  3 giant cockroaches
  12 goblins
  6 hobgoblins
  14 jackals
  4 quokkas
  3 ball pythons
  8 frilled lizards
  7 kobolds
  4 rats
1355 creatures vanquished.

Vanquished Creatures (collateral kills)
  3 acid blobs (Slime:5)
  A rockslime (Slime:5)
  A shambling mangrove (Swamp:3)
  An orc knight (D:15)
  A naga mage (Snake:1)
  4 slime creatures
  An ogre (D:15)
  An orc priest (D:15)
  An orc (D:15)
14 creatures vanquished.

Vanquished Creatures (others)
  An ogre mage (D:11)
  A deep elf knight (Elf:1)
  4 deep elf pyromancers
  A deep elf zephyrmancer (Elf:2)
  A black mamba (Snake:3)
  An unseen horror (D:12)
  3 bloated husks
  A hornet (Swamp:1)
  2 slime creatures
  An air elemental (Elf:1)
  2 spriggans
  3 swamp drakes (Swamp:4)
  A black bear (D:6)
  An orc priest (D:11)
  An orc wizard (Orc:1)
  3 orcs (D:8)
  4 ballistomycete spores (Lair:4)
  77 foxfires
  27 fungi
  28 plants
  3 withered plants (Gauntlet)
166 creatures vanquished.

Grand Total: 1535 creatures vanquished

Notes
Turn   | Place    | Note
-------+----------+-------------------------------------------
     0 | D:1      | enile the Meteoran Fighter began the quest for the Orb.
     0 | D:1      | Reached XP level 1. HP: 19/19 MP: 2/2
    87 | D:1      | Reached XP level 2. HP: 27/27 MP: 3/3
   184 | D:1      | Reached XP level 3. HP: 25/33 MP: 4/4
   475 | D:1      | Glimpsed the power of Zot.
   598 | D:2      | Reached XP level 4. HP: 41/41 MP: 5/5
   612 | D:2      | Got the Dissertation on Stormy Guile
   642 | D:2      | Found a faded altar of an unknown god.
   658 | D:2      | Prayed at the altar of an unknown god.
   658 | D:2      | Became a worshipper of Ignis, the Dying Flame
   690 | D:2      | Reached skill level 5 in Fighting
   949 | D:2      | Reached XP level 5. HP: 48/48 MP: 6/6
  1058 | D:2      | Glimpsed the power of Zot.
  1108 | D:2      | Glimpsed the power of Zot.
  1125 | D:3      | Found Waxkavex's Assorted Antiques.
  1128 | D:3      | Bought a scroll labelled ODALAXT VIODGH for 31 gold pieces
  1128 | D:3      | Bought a scroll labelled NAOZAT AFOAWK for 31 gold pieces
  1128 | D:3      | Bought a scroll labelled GINWEA CANIXUL for 31 gold pieces
  1128 | D:3      | Bought a white potion for 27 gold pieces
  1198 | D:3      | Reached skill level 5 in Armour
  1414 | D:3      | Reached XP level 6. HP: 56/56 MP: 7/7
  1438 | D:3      | Found a hide-covered altar of Uskayaw.
  1439 | D:3      | Found a shadowy altar of Dithmenos.
  1443 | D:3      | Found a white marble altar of Elyvilon.
  1443 | D:3      | Found a stormy altar of Qazlal.
  1443 | D:3      | Found an opulent altar of Gozag.
  1445 | D:3      | Found a shimmering blue altar of Sif Muna.
  1445 | D:3      | Found a broken altar of Ashenzari.
  1446 | D:3      | Found a glowing silver altar of Zin.
  1646 | D:3      | Glimpsed the power of Zot.
  1660 | D:3      | Identified the +2 mace "Erawan" {holy, +Blink rN+ Dex+5}
  1696 | D:3      | Glimpsed the power of Zot.
  1783 | D:4      | Reached skill level 5 in Maces & Flails
  1783 | D:4      | Reached skill level 1 in Evocations
  1783 | D:4      | Reached XP level 7. HP: 36/61 MP: 8/8
  2099 | D:4      | Identified the +10 flail "Wexoelo" {flame, rF+ rC+ Dex+4
                  | Stlth-}
  2107 | D:4      | Found a staircase to the Ecumenical Temple.
  2233 | D:4      | Glimpsed the power of Zot.
  2269 | D:5      | Entered Level 5 of the Dungeon
  2317 | D:5      | Noticed Ijyb
  2320 | D:5      | Killed Ijyb
  2351 | D:5      | Reached skill level 5 in Shields
  2438 | D:5      | Reached XP level 8. HP: 65/68 MP: 9/9
  2740 | D:6      | Noticed Maggie
  2764 | D:6      | Killed Maggie
  2765 | D:6      | Gained mutation: You passively map the area around you.
                  | [Meteoran growth]
  2765 | D:6      | Reached XP level 9. HP: 68/78 MP: 10/10
  2873 | D:6      | Reached skill level 5 in Evocations
  2878 | D:6      | Noticed a komodo dragon
  2916 | D:6      | Killed a komodo dragon
  2965 | D:6      | Reached XP level 10. HP: 79/90 MP: 11/11
  3028 | D:6      | Found a snail-covered altar of Cheibriados.
  3102 | D:6      | Identified the +1 leather armour of Eternity {Harm rC+++
                  | Int+4 Stlth-}
  3409 | D:6      | Glimpsed the power of Zot.
  3457 | D:6      | Glimpsed the power of Zot.
  3477 | D:7      | Reached skill level 10 in Fighting
  3935 | D:7      | Noticed Prince Ribbit
  3943 | D:7      | Killed Prince Ribbit
  3996 | D:7      | Glimpsed the power of Zot.
  4051 | D:8      | Reached XP level 11. HP: 26/99 MP: 12/12
  4119 | D:8      | Noticed a two-headed ogre
  4125 | D:8      | Killed a two-headed ogre
  4126 | D:8      | Reached skill level 10 in Armour
  4372 | D:8      | Noticed a two-headed ogre
  4381 | D:8      | Killed a two-headed ogre
  4382 | D:8      | Reached skill level 1 in Dodging
  4482 | D:8      | Noticed a death yak
  4540 | D:8      | Killed a death yak
  4541 | D:8      | Reached skill level 5 in Dodging
  4589 | D:8      | Glimpsed the power of Zot.
  4594 | D:8      | Noticed a death yak
  4596 | D:8      | Noticed a death yak
  4680 | D:9      | Found a hazy altar of Hepliaklqana.
  4738 | D:9      | Noticed Amaemon
  4749 | D:9      | Killed Amaemon
  4928 | D:9      | Found a glowing golden altar of the Shining One.
  5066 | D:10     | Entered Level 10 of the Dungeon
  5269 | D:10     | Reached XP level 12. HP: 106/106 MP: 17/17
  5303 | D:10     | Found a flagged portal.
  5317 | Bailey   | Entered a bailey
  5374 | Bailey   | Reached skill level 10 in Maces & Flails
  5400 | Bailey   | Identified a scroll of acquirement
  5400 | Bailey   | Acquired the amulet "Gexuy" {Reflect Harm SH+5 SInv}
  5530 | Bailey   | Identified the +4 ring mail of Ren Zem {+Inv rF++ Dex+4}
  5532 | Bailey   | Identified the +2 leather armour of Inaction {rPois rF- rC+
                  | Int+3}
  6117 | D:10     | Glimpsed the power of Zot.
  6281 | D:9      | Identified the +0 spear "Pyllusij" {vorpal, Int+3}
  6305 | D:8      | Killed a death yak
  6306 | D:8      | Reached skill level 5 in Throwing
  6338 | D:8      | Found a staircase to the Lair.
  6344 | D:8      | Killed a death yak
  6385 | Lair:1   | Entered Level 1 of the Lair of Beasts
  6444 | Lair:1   | Noticed a death yak
  6444 | Lair:1   | Noticed a death yak
  6444 | Lair:1   | Noticed a death yak
  6446 | Lair:1   | Noticed a death yak
  6446 | Lair:1   | Noticed a death yak
  6451 | Lair:1   | Noticed a death yak
  6457 | Lair:1   | Killed a death yak
  6465 | Lair:1   | Killed a death yak
  6473 | Lair:1   | Killed a death yak
  6477 | Lair:1   | Killed a death yak
  6479 | Lair:1   | Killed a death yak
  6480 | Lair:1   | Reached XP level 13. HP: 76/118 MP: 18/18
  6480 | Lair:1   | Killed a death yak
  6557 | Lair:1   | Noticed a five-headed hydra
  6562 | Lair:1   | Killed a five-headed hydra
  6660 | Lair:1   | Noticed a seven-headed hydra
  6670 | Lair:1   | Noticed a dire elephant
  6670 | Lair:1   | a seven-headed hydra changed into a dire elephant
  6677 | Lair:1   | Killed a dire elephant
  6873 | Lair:1   | Glimpsed the power of Zot.
  6926 | Lair:2   | Noticed Gastronok
  6936 | Lair:2   | Killed Gastronok
  6972 | Lair:2   | Reached skill level 10 in Evocations
  7097 | Lair:2   | Noticed a seven-headed hydra
  7104 | Lair:2   | Reached skill level 10 in Shields
  7104 | Lair:2   | Killed a seven-headed hydra
  7471 | Lair:2   | Glimpsed the power of Zot.
  7484 | Lair:3   | Noticed a boulder beetle
  7488 | Lair:3   | Killed a boulder beetle
  7489 | Lair:3   | Reached XP level 14. HP: 126/126 MP: 19/19
  7662 | Lair:3   | Found a staircase to the Snake Pit.
  7879 | Lair:3   | Found a staircase to the Swamp.
  8067 | Lair:3   | Noticed a quicksilver ooze
  8067 | Lair:3   | a four-headed hydra changed into a quicksilver ooze
  8071 | Lair:3   | Killed a quicksilver ooze
  8072 | Lair:3   | Reached skill level 10 in Dodging
  8081 | Lair:3   | Glimpsed the power of Zot.
  8131 | Lair:3   | Glimpsed the power of Zot.
  8202 | Lair:4   | Reached skill level 1 in Stealth
  8693 | Lair:4   | Glimpsed the power of Zot.
  8713 | Lair:5   | Entered Level 5 of the Lair of Beasts
  8902 | Lair:5   | Identified the +4 glaive "Ogrebane" {spect, rElec Will+
                  | Dex+3}
  8951 | Lair:5   | Noticed Rupert
  8956 | Lair:5   | Noticed Rupert
  8956 | Lair:5   | Rupert changed into Rupert the frost giant
  8965 | Lair:5   | Killed Rupert the frost giant
  8966 | Lair:5   | Reached XP level 15. HP: 31/132 MP: 20/20
  9201 | Lair:5   | Found a runed translucent door.
  9202 | Lair:5   | Found a viscous altar of Jiyva.
  9204 | Lair:5   | Found a staircase to the Slime Pits.
  9293 | Lair:5   | Reached skill level 15 in Armour
  9304 | Lair:5   | Glimpsed the power of Zot.
  9356 | Lair:5   | Glimpsed the power of Zot.
  9358 | Lair:5   | Found a corrupted altar of Lugonu.
  9397 | Lair:5   | Glimpsed the power of Zot.
  9407 | Lair:5   | Touched by the power of Zot.
  9631 | Temple   | Entered the Ecumenical Temple
  9718 | D:6      | Fell from the grace of Ignis
  9718 | D:6      | Became a worshipper of Cheibriados the Contemplative
  9839 | D:9      | Noticed Joseph
  9841 | D:9      | Killed Joseph
  9901 | D:11     | Glimpsed the power of Zot.
 10019 | D:12     | You fall into a shaft and drop 3 floors!
 10019 | D:15     | Entered Level 15 of the Dungeon
 10019 | D:15     | Found a white marble altar of Elyvilon.
 10045 | D:15     | Reached skill level 1 in Invocations
 10121 | D:15     | Reached * piety under Cheibriados
 10122 | D:15     | Reached skill level 5 in Invocations
 10224 | D:15     | Found a gate leading to a gauntlet.
 10257 | Gauntlet | Entered a Gauntlet
 10257 | Gauntlet | Found a transporter.
 10257 | Gauntlet | Found a transporter.
 10269 | Gauntlet | Found the +8 Vampire's Tooth {vamp}
 10274 | Gauntlet | Found a transporter.
 10287 | Gauntlet | Found a transporter.
 10287 | Gauntlet | Found a transporter.
 10287 | Gauntlet | Found a transporter.
 10289 | Gauntlet | Found a transporter.
 10289 | Gauntlet | Found a transporter.
 10301 | Gauntlet | Found a transporter.
 10351 | Gauntlet | Found a transporter.
 10361 | Gauntlet | Found a transporter.
 10378 | Gauntlet | Found a transporter.
 10396 | Gauntlet | Found a transporter.
 10409 | Gauntlet | Found a transporter.
 10461 | Gauntlet | Reached XP level 16. HP: 84/145 MP: 23/23
 10562 | Gauntlet | Reached ** piety under Cheibriados
 10564 | Gauntlet | Reached skill level 10 in Invocations
 10586 | Gauntlet | Identified the +0 cloak of Itunascha {+Inv Dex+4 Stlth-}
 10649 | Gauntlet | Identified the +1 ring mail of Heamox {Slay+2}
 10728 | D:15     | Found a staircase to the Depths.
 10932 | D:13     | Found a gate to the Vaults.
 10945 | D:13     | HP: 5/145 [cloud of flame (22)]
 11021 | D:13     | Found a frozen archway.
 11041 | IceCv    | Entered an ice cave
 11170 | IceCv    | Reached *** piety under Cheibriados
 11304 | IceCv    | Found a viscous altar of Jiyva.
 11304 | IceCv    | Noticed an azure jelly
 11312 | IceCv    | Killed an azure jelly
 11339 | IceCv    | Identified the +8 ice dragon scales of Quantum Leap {rF-
                  | rC++ Regen+ MP+9 Int-2 Dex+4}
 11465 | D:13     | Reached **** piety under Cheibriados
 11578 | D:13     | Reached skill level 15 in Fighting
 12105 | D:13     | You fall into a shaft and drop 2 floors!
 12447 | D:11     | You fall into a shaft and drop 1 floor!
 12447 | D:12     | Was forgiven by Ignis
 12658 | D:11     | Reached ***** piety under Cheibriados
 12659 | D:11     | Reached XP level 17. HP: 156/156 MP: 25/25
 12718 | D:11     | Found a staircase to the Orcish Mines.
 12728 | Orc:1    | Entered Level 1 of the Orcish Mines
 12728 | Orc:1    | Noticed Fannar
 12739 | Orc:1    | Killed Fannar
 12841 | Orc:1    | Found Soitoalo's Armour Emporium.
 13072 | Orc:2    | Entered Level 2 of the Orcish Mines
 13105 | Orc:2    | Found a flickering gateway to a bazaar.
 13114 | Bazaar   | Entered a bazaar
 13114 | Bazaar   | Found Ceppod's Jewellery Shoppe.
 13114 | Bazaar   | Found Yrolodd's Distillery.
 13132 | Bazaar   | Found Iddedur's General Store.
 13143 | Bazaar   | Found Adolerph's Antique Armour Emporium.
 13151 | Bazaar   | Bought a pair of faintly humming gloves for 285 gold pieces
 13151 | Bazaar   | Identified the +0 pair of gloves of the Circus Animal
                  | {Str+4} (You bought it in a shop in a bazaar)
 13158 | Bazaar   | Found Feoluimucw's Antique Weapon Emporium.
 13188 | Bazaar   | Bought a +6 ring of strength for 504 gold pieces
 13403 | Orc:2    | Found a staircase to the Elven Halls.
 13810 | Orc:2    | Reached skill level 15 in Shields
 13813 | Orc:2    | Glimpsed the power of Zot.
 13816 | Orc:2    | Found Uggiex's Jewellery Shoppe.
 13833 | Orc:2    | Bought the ring of Qocwybair {Str+6 Int+2 Slay+3} for 837
                  | gold pieces
 13846 | Orc:2    | Glimpsed the power of Zot.
 13848 | Orc:2    | Reached ****** piety under Cheibriados
 13855 | Orc:2    | Reached skill level 5 in Spellcasting
 13871 | Orc:2    | Glimpsed the power of Zot.
 13876 | Orc:2    | Touched by the power of Zot.
 14204 | Depths:1 | Entered Level 1 of the Depths
 14248 | Depths:1 | Found a gateway to Hell.
 14407 | D:15     | Glimpsed the power of Zot.
 14433 | D:13     | Glimpsed the power of Zot.
 14453 | D:13     | Glimpsed the power of Zot.
 14458 | D:12     | Touched by the power of Zot.
 14561 | D:8      | Glimpsed the power of Zot.
 14606 | Lair:2   | Glimpsed the power of Zot.
 14632 | Lair:3   | Glimpsed the power of Zot.
 14645 | Swamp:1  | Entered Level 1 of the Swamp
 15066 | Swamp:2  | Noticed a fenstrider witch
 15075 | Swamp:2  | Killed a fenstrider witch
 15536 | Swamp:3  | Gained mutation: You passively map a large area around you.
                  | [Meteoran growth]
 15536 | Swamp:3  | Reached XP level 18. HP: 138/153 MP: 28/28
 15539 | Swamp:3  | Reached skill level 1 in Translocations
 15798 | Swamp:4  | Entered Level 4 of the Swamp
 15805 | Swamp:4  | Noticed a tentacled monstrosity
 15816 | Swamp:4  | Killed a tentacled monstrosity
 15817 | Swamp:4  | Reached skill level 5 in Translocations
 15912 | Swamp:4  | Learned a level 2 spell: Blink
 16378 | Swamp:4  | Got a decaying rune of Zot
 16606 | Swamp:1  | Glimpsed the power of Zot.
 16634 | Lair:3   | Glimpsed the power of Zot.
 16640 | Lair:3   | Touched by the power of Zot.
 16662 | Snake:1  | Entered Level 1 of the Snake Pit
 16662 | Snake:1  | Noticed Frances
 16663 | Snake:1  | Noticed Agnes
 16670 | Snake:1  | Killed Agnes
 16682 | Snake:1  | Killed Frances
 16685 | Snake:1  | Gained mutation: You occasionally lose the ability to read
                  | scrolls when taking damage. [potion of mutation]
 16685 | Snake:1  | Gained mutation: Your mind is acute. (Int +4, Str/Dex -1)
                  | [potion of mutation]
 16685 | Snake:1  | Gained mutation: You have sharp fingernails. [potion of
                  | mutation]
 16695 | Snake:1  | Identified Roxanne's Meditations on the Boulder
 16695 | Snake:1  | Noticed Roxanne
 16716 | Snake:1  | Killed Roxanne
 16866 | Snake:1  | Found Hiomew's General Store.
 16867 | Snake:1  | Found Jasoschatz's Magic Scroll Emporium.
 16867 | Snake:1  | Found Orgheo Anto's Armour Shop.
 16875 | Snake:1  | Bought a scroll of immolation for 64 gold pieces
 16883 | Snake:1  | Found Sidy's Assorted Antiques.
 16885 | Snake:1  | Bought a scroll of magic mapping for 90 gold pieces
 16885 | Snake:1  | Bought a scroll of fear for 48 gold pieces
 16885 | Snake:1  | Bought a scroll of summoning for 114 gold pieces
 16888 | Snake:1  | Found Zij Nifi's Weapon Emporium.
 16888 | Snake:1  | Found Wocs's Jewellery Boutique.
 16892 | Snake:1  | Bought a potion of mutation for 248 gold pieces
 16892 | Snake:1  | Lost mutation: Your mind is acute. (Int +4, Str/Dex -1)
                  | [potion of mutation]
 16892 | Snake:1  | Lost mutation: You occasionally lose the ability to read
                  | scrolls when taking damage. [potion of mutation]
 16892 | Snake:1  | Gained mutation: You expend magic power (3 MP) to
                  | strengthen your wands. [potion of mutation]
 16892 | Snake:1  | Gained mutation: You are agile. (Dex +4, Str/Int -1)
                  | [potion of mutation]
 16892 | Snake:1  | Gained mutation: Your flesh is heat resistant. (rF+)
                  | [potion of mutation]
 17064 | Snake:1  | Reached XP level 19. HP: 154/159 MP: 30/30
 17083 | Snake:1  | Noticed Aizul
 17108 | Snake:1  | Killed Aizul
 17189 | Snake:1  | Glimpsed the power of Zot.
 17204 | Snake:2  | Reached skill level 15 in Invocations
 17756 | Snake:2  | Glimpsed the power of Zot.
 18019 | Snake:3  | Reached skill level 10 in Throwing
 18319 | Snake:3  | Glimpsed the power of Zot.
 18348 | Snake:3  | Glimpsed the power of Zot.
 18371 | Snake:3  | Glimpsed the power of Zot.
 18377 | Snake:4  | Entered Level 4 of the Snake Pit
 18394 | Snake:4  | Noticed Vashnia
 18401 | Snake:4  | Killed Vashnia
 18529 | Snake:4  | Reached XP level 20. HP: 156/178 MP: 34/34
 18540 | Snake:4  | Reached skill level 15 in Evocations
 18551 | Snake:4  | Reached skill level 10 in Spellcasting
 18598 | Snake:4  | Got a serpentine rune of Zot
 18878 | Snake:4  | Glimpsed the power of Zot.
 18908 | Snake:2  | Glimpsed the power of Zot.
 18930 | Snake:2  | Glimpsed the power of Zot.
 18937 | Snake:1  | Touched by the power of Zot.
 19055 | Lair:5   | Glimpsed the power of Zot.
 19072 | Slime:1  | Entered Level 1 of the Pits of Slime
 19577 | Slime:1  | Glimpsed the power of Zot.
 19903 | Slime:3  | Gained mutation: You are dopey. (Int -2) [a shining eye]
 19904 | Slime:3  | Gained mutation: Your magical capacity is low. (-10% MP) [a
                  | shining eye]
 19906 | Slime:3  | Gained mutation: You sometimes lose your temper in combat.
                  | [a shining eye]
 19906 | Slime:3  | Gained mutation: You are very dopey. (Int -4) [a shining
                  | eye]
 19907 | Slime:3  | Gained mutation: Armour fits poorly on your strangely
                  | shaped body. [a shining eye]
 19912 | Slime:3  | Lost mutation: You expend magic power (3 MP) to strengthen
                  | your wands. [potion of mutation]
 19912 | Slime:3  | Lost mutation: You sometimes lose your temper in combat.
                  | [potion of mutation]
 19912 | Slime:3  | Lost mutation: Your magical capacity is low. (-10% MP)
                  | [potion of mutation]
 20039 | Slime:4  | Gained mutation: Your flesh is very heat resistant. (rF++)
                  | [a shining eye]
 20042 | Slime:4  | Gained mutation: Your body sometimes deteriorates upon
                  | taking damage. [a shining eye]
 20364 | Slime:5  | Entered Level 5 of the Pits of Slime
 20419 | Slime:5  | Reached XP level 21. HP: 166/184 MP: 38/38
 20437 | Slime:5  | Noticed the Royal Jelly
 20460 | Slime:5  | Killed the Royal Jelly
 20536 | Slime:5  | Found the +0 staff of Battle
 20821 | Slime:5  | Found the +7 Spriggan's Knife {stab, EV+4 Stlth+}
 20840 | Slime:5  | Acquired a manual of Translocations
 20855 | Slime:5  | Identified the +9 quarterstaff of Qunalucly {flame, rPois
                  | rC+}
 20872 | Slime:5  | Identified the +1 plate armour of Makhleb's Outrage {Drain
                  | Str+3 Int+7}
 20919 | Slime:5  | Identified the +2 shortbow "Xeesk" {flame, Str+5 Stlth+}
 20921 | Slime:5  | Got a slimy rune of Zot
 21262 | Slime:2  | Reached skill level 10 in Translocations
 21465 | Lair:5   | Glimpsed the power of Zot.
 21489 | Lair:5   | Glimpsed the power of Zot.
 21495 | Lair:5   | Touched by the power of Zot.
 21601 | D:8      | Glimpsed the power of Zot.
 21626 | D:10     | Glimpsed the power of Zot.
 21632 | D:11     | Touched by the power of Zot.
 21683 | Orc:2    | Glimpsed the power of Zot.
 21702 | Elf:1    | Entered Level 1 of the Elven Halls
 22201 | Elf:1    | Found a portal to a secret trove of treasure.
 22224 | Elf:1    | Glimpsed the power of Zot.
 22253 | Elf:1    | Glimpsed the power of Zot.
 22276 | Elf:1    | Glimpsed the power of Zot.
 22510 | Elf:2    | Found a runed translucent door.
 22517 | Elf:2    | Reached XP level 22. HP: 183/184 MP: 39/39
 22772 | Elf:2    | Glimpsed the power of Zot.
 22805 | Elf:2    | Glimpsed the power of Zot.
 22827 | Elf:2    | Glimpsed the power of Zot.
 22833 | Elf:2    | Touched by the power of Zot.
 22836 | Elf:3    | Entered Level 3 of the Elven Halls
 22883 | Elf:3    | Found Qimmovao's Weapon Shop.
 23126 | Elf:3    | Noticed a Tzitzimitl
 23192 | Elf:3    | Noticed a Brimstone Fiend
 23199 | Elf:3    | Noticed a Brimstone Fiend
 23232 | Elf:3    | Noticed a Brimstone Fiend
 23274 | Elf:3    | Noticed a Tzitzimitl
 23282 | Elf:3    | Identified the +7 quarterstaff "Cumeo" {flame, rElec rPois
                  | rF- rCorr}
 23412 | Elf:3    | Identified the ring "Neit" {*Corrode rC+ Str+4 SInv}
 23419 | Elf:3    | Got Moucs's Volume of Flames and Ensorcelling
 23452 | Elf:3    | Found the +2 hood of the Assassin {Detection Stab+ Stlth++}
 23459 | Elf:3    | Identified the +3 plate armour "Nutemoq" {*Slow rElec rC+++
                  | Int-3}
 23550 | Elf:2    | Glimpsed the power of Zot.
 23580 | Elf:1    | Glimpsed the power of Zot.
 23604 | Elf:1    | Glimpsed the power of Zot.
 23618 | Orc:2    | Glimpsed the power of Zot.
 23641 | Orc:2    | Glimpsed the power of Zot.
 23647 | Orc:2    | Touched by the power of Zot.
 23782 | D:11     | Glimpsed the power of Zot.
 23814 | D:11     | Glimpsed the power of Zot.
 23837 | D:12     | Glimpsed the power of Zot.
 23844 | D:13     | Touched by the power of Zot.
 23882 | Vaults:1 | Entered Level 1 of the Vaults
 23988 | Vaults:1 | Reached skill level 15 in Dodging
 24094 | Vaults:1 | Reached XP level 23. HP: 75/165 MP: 40/40
 24106 | Vaults:1 | Found a flickering gateway to a bazaar.
 24113 | Bazaar   | Entered a bazaar
 24125 | Bazaar   | Found Sinn's Book Emporium.
 24134 | Bazaar   | Found Pukel's Antique Weapon Shop.
 24171 | Bazaar   | Found Xeanih's Weapon Emporium.
 24265 | Bazaar   | Bought a book of Transfigurations for 440 gold pieces
 24271 | Bazaar   | Learned a level 5 spell: Manifold Assault
 24279 | Bazaar   | Learned a level 7 spell: Dragon Form
 24318 | Vaults:1 | Killed from afar by an ironbound thunderhulk

Illustrated notes

Levels and vault maps discovered:
D:1:      minmay_arrival_hallway, layout_basic, minmay_misc_feat_iff,
          minmay_surrounded
D:2:      layout_basic, basic_ecumenical_altar, kennysheep_generic_room_11
D:3:      layout_loops_cross, grunt_temple_overflow_open, serial_shops,
          nicolae_shop_crystal
D:4:      layout_basic, minmay_temple_entry_enclosed_plants,
          palyth_stone_intersect, minmay_pentangle
D:5:      minmay_spotlight, layout_basic, uniq_ijyb
D:6:      kennysheep_windowed_halls, layout_cave_pools,
          nicolae_overflow_hidden_temple, minmay_joined_circles, uniq_maggie
D:7:      layout_loops_ring, uniq_prince_ribbit1
D:8:      layout_basic, dpeg_lair_monsters
D:9:      layout_big_octagon, mainiacjoe_overflow_large_starburst, uniq_joseph,
          uniq_amaemon
D:10:     layout_grid_maze, enter_bailey_5, kennysheep_generic_room_14
D:11:     nicolae_hexawheel, layout_rooms, david_orc_5,
          nicolae_figureground_pulse
D:12:     layout_loops_corners, nicolae_uskayaw_en_pointe
D:13:     layout_cave_pods, lightli_vaults_fourway_checkpoint,
          portal_ice_cave_entry_pillars_2, serial_column_ruins,
          column_ruins_square_medium, column_ruins_hut, column_ruins_open_tiny,
          column_ruins_grid_2, column_ruins_grid_1, column_ruins_grid_4,
          column_ruins_open_tiny
D:14:     dragon1_lemuel, layout_grid_maze, ashenzari_conservatory_becter
D:15:     hangedman_depths_entry_civil_slaughter, layout_cave_pools,
          gauntlet_entry_generic, yredelemnul_altar_generic, elyvilon_altar_3
Temple:   bh_familiar_temple
Lair:1:   layout_regular_city, chequers_serial_rivers_small_b, st_stairs_6,
          guppyfry_lair_drakes, infiniplex_staircase_pool, grunt_megastairs_3,
          lemuel_fruit_fields, lemuel_fruit_fields
Lair:2:   layout_long_grid, nicolae_quartered_pool_super, lemuel_fruit_tree,
          grunt_megastairs_1, serial_bayou_shore_a, uniq_gastronok
Lair:3:   layout_regular_city, minmay_swamp_entry_swarm,
          guppyfry_snake_entry_garden, nzn_sisyphean_effort
Lair:4:   layout_loops_ring
Lair:5:   hellmonk_lair_end_abyssal_woods, layout_loops_ring, slime_entry_2,
          special_room [special_room_bee], uniq_rupert
Swamp:1:  layout_falls_marsh, nicolae_swamp_well_well_well, swamp_pool3,
          infiniplex_staircase_pool_2
Swamp:2:  layout_basic_swamp, nicolae_swamp_stair_fork, swamp_pool5
Swamp:3:  nicolae_swamp_decorative_isthmus, layout_basic_swamp,
          evilmike_swamp_ruin_house_5
Swamp:4:  swamp_fiery, layout_basic_swamp
Snake:1:  layout_onion, nicolae_snake_serpentine_bazaar, uniq_aizul,
          uniq_roxanne, uniq_frances, uniq_agnes
Snake:2:  layout_gridlike, nicolae_triple_integral
Snake:3:  layout_basic
Snake:4:  snake_pit, layout_rooms, uniq_vashnia
Slime:1:  layout_caves
Slime:2:  layout_caves
Slime:3:  layout_caves
Slime:4:  layout_caves
Slime:5
Orc:1:    layout_caves, serial_shops, nicolae_diamond_shop, uniq_fannar
Orc:2:    hellmonk_orc_salted, layout_diamond_mine, serial_shops, bzr_firewalk
Elf:1:    minmay_elf_arrival_summoners, layout_loops_cross, enter_trove_5,
          minivault_28
Elf:2:    elven_hall_of_blades_hangedman_original
          [nicolae_blade_entry_hurt_lockers], layout_loops_corners,
          serial_shops, shop_statue, minivault_13
Elf:3:    minmay_elf_hall_circle, layout_geoelf_diagonals, serial_shops, shop
Vaults:1: ontoclasm_vaults_chip, grunt_vaults_diagonal, v_alt_pattern_6,
          dpeg_vaults_monster_box, vaults_mumra_hexcomb,
          vaults_room_glass_cross, nicolae_vaults_puzzle_piece,
          hangedman_vaults_corner, vaults_room_stairs_pillars,
          layout_vaults_omnigrid, serial_shops, freezing_bzr
Depths:1: layout_cave_pools, lemuel_blue_sif_altar, hangedman_coc_ice_floe,
          kennysheep_inner_square, uniq_bai_suzhen

Skill      XL: |  1  2  3  4  5  6  7  8  9 10 11 12 13 14 15 16 17 18 19 20 21 22 |
---------------+-------------------------------------------------------------------+-----
Fighting       | 4 5 6 8 10 12 13 15 16 17 | 17.7
Armour         | 4 5 6 9 10 12 14 15 17 | 17.0
Maces & Flails | 5 8 9 12 14 | 14.0
Evocations     | 1 3 7 10 12 14 15 | 15.0
Shields        | 5 6 8 11 12 13 15 | 15.0
Throwing       | 4 6 7 10 12 | 12.0
Spellcasting   | 3 6 9 12 | 12.0
Dodging        | 7 10 15 | 15.0
Stealth        | 3 |  3.0
Invocations    | 9 10 12 14 15 16 17 | 17.0
Translocations | 6 12 | 12.0

Action                   |  1- 3 |  4- 6 |  7- 9 | 10-12 | 13-15 | 16-18 | 19-21 | 22-24 || total
-------------------------+-------+-------+-------+-------+-------+-------+-------+-------++-------
Melee: Flail             |    90 |    91 |   101 |   388 |   635 |   839 |   721 |   245 ||  3110
       Mace              |       |    17 |    31 |       |       |       |       |       ||    48
       Unarmed           |       |       |    15 |       |       |       |       |       ||    15
Throw: Dart              |       |     4 |    16 |    24 |     6 |     5 |       |       ||    55
       Javelin           |       |       |       |       |       |     5 |    27 |    11 ||    43
       Throwing net      |       |       |       |       |       |       |     1 |     1 ||     2
 Cast: Blink             |       |       |       |       |       |       |     5 |       ||     5
       Manifold Assault  |       |       |       |       |       |       |       |     2 ||     2
Invok: Foxfire Swarm     |       |     1 |       |     2 |       |       |       |       ||     3
       Fiery Armour      |       |       |     2 |     6 |       |       |       |       ||     8
       Rising Flame      |       |       |       |       |     1 |       |       |       ||     1
       Slouch            |       |       |       |       |       |    16 |    21 |     9 ||    46
       Temporal Distorti |       |       |       |       |       |       |     3 |     1 ||     4
Evoke: Wand              |       |       |     2 |     3 |    27 |     5 |    35 |     5 ||    77
       Condenser vane    |       |       |       |     2 |     3 |     6 |     8 |     2 ||    21
       Phial of floods   |       |       |       |       |       |       |     1 |     2 ||     3
  Use: Scroll            |       |     4 |     4 |     6 |    15 |    11 |    20 |     5 ||    65
       Potion            |       |       |       |     4 |     4 |     9 |     9 |     2 ||    28
 Stab: Confused          |       |       |       |     3 |       |       |       |       ||     3
       Distracted        |       |       |       |       |       |     1 |     3 |       ||     4
Armor: Scale mail        |     9 |       |       |       |       |       |       |       ||     9
       Gold dragon scale |   114 |   125 |    65 |   170 |   204 |   132 |       |       ||   810
       Skin              |       |       |     1 |       |       |       |       |       ||     1
       Ice dragon scales |       |       |       |       |       |   135 |   174 |    62 ||   371
Dodge: Dodged            |    10 |    45 |    30 |    90 |   179 |   386 |   357 |   191 ||  1288
Block: Buckler           |    30 |    51 |     5 |       |       |       |       |       ||    86
       Kite shield       |       |       |    66 |   345 |   664 |    92 |       |       ||  1167
       Reflection        |       |       |       |     1 |    19 |    77 |   162 |    62 ||   321
       Tower shield      |       |       |       |       |       |  1110 |  1188 |   452 ||  2750

Table legend: (Time is in decaauts)
 A = Elapsed time spent in this place.
 B = Non-inter-level travel time spent in this place.
 C = Inter-level travel time spent in this place.
 D = Time resting spent in this place.
 E = Time spent auto-exploring this place.
 F = Levels seen in this place.
 G = Mean time per level.
                   A        B        C        D        E       F      G
               +--------+--------+--------+--------+--------+-----+--------+
         Total |  33176 |  28846 |   4330 |     60 |  15144 |  46 |  721.2 |
       Dungeon |  10974 |   9154 |   1820 |      0 |   5377 |  15 |  731.6 |
        Temple |     12 |      6 |      6 |      0 |      0 |   1 |   12.0 |
          Lair |   3706 |   2870 |    836 |      0 |   1418 |   5 |  741.2 |
         Swamp |   3539 |   3229 |    310 |      0 |   1924 |   4 |  884.8 |
     Snake Pit |   3635 |   3105 |    530 |      0 |   1382 |   4 |  908.8 |
    Slime Pits |   3604 |   3417 |    187 |     60 |   1708 |   5 |  720.8 |
  Orcish Mines |   2121 |   1780 |    341 |      0 |   1313 |   2 | 1060.5 |
   Elven Halls |   2992 |   2768 |    224 |      0 |   1451 |   3 |  997.3 |
        Vaults |    361 |    313 |     48 |      0 |     23 |   1 |  361.0 |
        Depths |    297 |    274 |     23 |      0 |      0 |   1 |  297.0 |
        Bazaar |    473 |    473 |      0 |      0 |    265 |   2 |  236.5 |
        Bailey |    342 |    342 |      0 |      0 |    132 |   1 |  342.0 |
      Ice Cave |    565 |    565 |      0 |      0 |     91 |   1 |  565.0 |
      Gauntlet |    548 |    548 |      0 |      0 |     56 |   1 |  548.0 |
               +--------+--------+--------+--------+--------+-----+--------+

Top non-repeatable levels by time:
    D:13: 1537 daAuts
   Orc:2: 1491 daAuts
 Snake:2: 1335 daAuts
 Slime:1: 1098 daAuts
   Elf:3: 1089 daAuts
     D:6: 1084 daAuts
 Swamp:4: 1015 daAuts
    D:11: 976 daAuts
   Elf:1: 958 daAuts
   Elf:2: 945 daAuts
 Swamp:1: 916 daAuts
    D:10: 904 daAuts
 Swamp:2: 883 daAuts
     D:8: 873 daAuts
 Snake:1: 854 daAuts
